 Dungeon Crawl Stone Soup version 0.22.0-40-g68aacdc (webtiles) character file.

951 Folque the Magician (level 8, -1/67 HPs)
             Began as a Naga Wizard on Sept 2, 2018.
             Slain by a troll (17 damage)
             ... on level 5 of the Dungeon.
             The game lasted 00:40:50 (7057 turns).

Folque the Magician (Naga Wizard)                   Turns: 7057, Time: 00:40:51

Health: -1/67      AC:  4    Str: 14    XL:     8   Next: 13%
Magic:  0/15       EV: 10    Int: 20    God:
Gold:   258        SH:  0    Dex:  9    Spells: 2/17 levels left

rFire    + . .     SeeInvis +   y - staff of cold
rCold    + . .     Gourm    .   (no shield)
rNeg     . . .     Faith    .   a - +0 robe
rPois    +         Spirit   .   i - +0 helmet
rElec    .         Reflect  .   (no cloak)
rCorr    .         Harm     .   (no gloves)
MR       +....                  (no barding)
Stlth    ++........             (no amulet)
HPRegen  0.21/turn              e - ring of protection from fire
MPRegen  0.14/turn              u - +3 ring of strength

@: very slightly contaminated, very slow
A: large, see invisible, deformed body, poison resistance, slowness 2, slow
metabolism 1, spit poison 1, AC +2
a: Spit Poison


You were on level 5 of the Dungeon.
You were not hungry.

You visited 2 branches of the dungeon, and saw 7 of its levels.

You collected 258 gold pieces.

Inventory:

Hand Weapons
 c - a +0 dagger of chaos
 k - a +0 short sword
 q - a +3 club
Armour
 a - a +0 robe (worn)
 b - a +0 hat
 i - a +0 helmet (worn)
Magical Staves
 y - an uncursed staff of cold (weapon)
Jewellery
 e - a ring of protection from fire (left hand)
 g - an uncursed ring of protection from fire
 u - a +3 ring of strength (right hand)
 B - an uncursed ring of protection from cold {unknown}
Wands
 f - a wand of polymorph (2)
Scrolls
 l - 2 scrolls of enchant weapon {unknown}
 n - 2 scrolls of teleportation
 o - 3 scrolls of remove curse
 p - 2 scrolls of fog {unknown}
 t - 2 scrolls of amnesia {unknown}
 w - a scroll of fear {unknown}
 z - a scroll of magic mapping {unknown}
 D - a scroll of random uselessness {unknown}
Potions
 j - a potion of ambrosia {unknown}
 m - a potion of curing {unknown}
 r - 4 potions of flight
 s - 2 potions of brilliance
 v - a potion of degeneration
 x - a potion of cancellation {unknown}
 A - a potion of resistance
 C - a potion of haste {unknown}
Comestibles
 d - 10 rations


   Skills:
 - Level 2.0 Fighting
 - Level 2.1 Dodging
 - Level 3.0 Stealth
 - Level 5.0 Spellcasting
 - Level 3.2 Conjurations
 + Level 3.4 Summonings
 - Level 1.0 Translocations
 - Level 2.0 Fire Magic
 * Level 3.6 Ice Magic
 - Level 1.1 Air Magic
 - Level 3.1 Poison Magic


You had 2 spell levels left.
You knew the following spells:

 Your Spells              Type           Power        Failure   Level  Hunger
a - Magic Dart            Conj           ###.         3%          1    None
b - Call Imp              Summ           ###.....     4%          2    None
c - Blink                 Tloc           N/A          12%         2    None
d - Mephitic Cloud        Conj/Pois/Air  ###.....     12%         3    ##.....
e - Conjure Flame         Conj/Fire      ###.....     12%         3    ##.....
f - Summon Ice Beast      Ice/Summ       ####....     26%         4    ####...

Your spell library contained the following spells:

 Spells                   Type           Power        Failure   Level  Hunger
 Summon Small Mammal      Summ           ###.         2%          1    None
 Apportation              Tloc           #.....       8%          1    None
 Animate Skeleton         Necr           N/A          12%         1    None
 Confusing Touch          Hex            #.....       12%         1    None
 Slow                     Hex            #.......     17%         2    None
 Call Canine Familiar     Summ           ###.....     9%          3    ##.....
 Summon Guardian Golem    Hex/Summ       ##......     17%         3    ##.....
 Summon Lightning Spire   Summ/Air       ##......     41%         4    ####...


Dungeon Overview and Level Annotations

Branches:
Dungeon (6/15)             Temple (1/1) D:5

Altars:
Ashenzari
Cheibriados
Dithmenos
Elyvilon
Fedhas
Gozag
Hepliaklqana
Kikubaaqudgha
Makhleb
Nemelex Xobeh
Okawaru
Qazlal
Ru
Uskayaw
Vehumet
Wu Jian
Xom
Yredelemnul
Zin
The Shining One


Innate Abilities, Weirdness & Mutations

You cannot wear boots.
Your serpentine skin is tough. (AC +2)
You have supernaturally acute eyesight. (SInv)
Armour fits poorly on your strangely shaped body.
Your system is resistant to poisons. (rPois)
You cover ground very slowly.
You have a slow metabolism.
You can spit poison.


Message History

There is a stone staircase leading down here.
The troll bites you. The troll claws you. The troll claws you!
Casting: Blink (safe; 12% risk of failure)
Confirm with . or Enter, or press ? or * to list all spells.
You blink.
There is a stone staircase leading up here.
Casting: Blink (safe; 12% risk of failure)
Confirm with . or Enter, or press ? or * to list all spells.
You don't have enough magic to cast that spell.
Casting: Blink (safe; 12% risk of failure)
Confirm with . or Enter, or press ? or * to list all spells.
You don't have enough magic to cast that spell.
The troll bites you!
* * * LOW HITPOINT WARNING * * *
The troll barely misses you. The troll claws you.
* * * LOW HITPOINT WARNING * * *
Casting: Blink (safe; 12% risk of failure)
Confirm with . or Enter, or press ? or * to list all spells.
You miscast Blink.
Strange energies run through your body. The troll bites you!
You die...

########### #.# #T# #.#
#.........# #####.###.#####.###
#.#######.####......##.....T§...
#.# #......>....#...##.....#.##.
##.###.###.####.............#.##.
.#.........# #.##...##.......##.
.#.###.###.# #<###..##.....####.
.#.........# #T###..#########...
.#.###.###.# #.@....# #.## .#.#
#.# #.# #####'## #.# (#.###.###.#
##...## #.# .#.........#
##.....## ##.# .#........##
##.......## ##..#
.#.8.8.8...####.........####...##
....⌠.⌠.......'.........'........
.#.8.>.8...####.........##.#...##
.#..⌠.⌠...## ##.......###.##...#


You could see a troll.

Vanquished Creatures
  A sky beast (D:5)
  2 centaurs
  An ogre (D:5)
  A scorpion (D:4)
  2 crimson imps (D:5)
  A hound (D:5)
  An orc priest (D:3)
  A bullfrog skeleton (D:5)
  Terence (D:2)
  Natasha (D:2)
  A worker ant (D:5)
  A hound zombie (D:6)
  Robin (D:2)
  8 adders
  A shadow imp (D:5)
  An ooze (D:4)
  3 worms
  A dart slug (D:2)
  3 leopard geckos
  8 orcs
  3 giant cockroaches
  10 goblins
  5 hobgoblins
  8 kobolds
  3 ball pythons
  11 bats
  7 frilled lizards
  A quokka skeleton (D:6)
  10 rats
98 creatures vanquished.

Vanquished Creatures (collateral kills)
  An ice beast (D:5)
  A crimson imp (D:5)
  A bullfrog skeleton (D:5)
  Natasha (D:2)
  2 worker ants (D:5)
  3 adders
  4 orcs (D:4)
  3 goblins (D:2)
  5 hobgoblins (D:2)
21 creatures vanquished.

Grand Total: 119 creatures vanquished

Notes
Turn   | Place    | Note
-------+----------+-------------------------------------------
     0 | D:1      | Folque the Naga Wizard began the quest for the Orb.
     0 | D:1      | Reached XP level 1. HP: 15/15 MP: 4/4
   234 | D:1      | Reached skill level 1 in Fighting
   291 | D:1      | Reached XP level 2. HP: 24/25 MP: 6/6
   341 | D:1      | Learned a level 2 spell: Call Imp
   344 | D:1      | Learned a level 2 spell: Blink
  1197 | D:2      | Found a shattered altar of Ashenzari.
  1244 | D:2      | Reached XP level 3. HP: 23/32 MP: 2/7
  1249 | D:2      | Learned a level 3 spell: Mephitic Cloud
  1275 | D:2      | Found a sparkling altar of Nemelex Xobeh.
  1276 | D:2      | Found an opulent altar of Gozag.
  1290 | D:2      | Reached skill level 1 in Poison Magic
  1410 | D:2      | Noticed Terence
  1805 | D:2      | Killed Terence
  1805 | D:2      | Reached XP level 4. HP: 35/39 MP: 0/8
  1923 | D:2      | Noticed Robin
  1939 | D:2      | Killed Robin
  2307 | D:2      | Noticed Natasha
  2312 | D:2      | Killed Natasha
  2312 | D:2      | Reached skill level 1 in Air Magic
  2312 | D:2      | Reached XP level 5. HP: 35/45 MP: 3/9
  2409 | D:2      | Found an iron altar of Okawaru.
  2591 | D:2      | Noticed Natasha
  2621 | D:2      | Killed Natasha
  3284 | D:3      | Found a burning altar of Makhleb.
  3284 | D:3      | Noticed a green death
  3287 | D:3      | Noticed a neqoxec
  3287 | D:3      | Noticed a ynoxinul
  3328 | D:3      | Reached XP level 6. HP: 52/52 MP: 11/11
  3477 | D:3      | Found a sacrificial altar of Ru.
  3684 | D:3      | Learned a level 3 spell: Conjure Flame
  3746 | D:4      | Found a stormy altar of Qazlal.
  3815 | D:4      | Reached skill level 1 in Fire Magic
  4117 | D:4      | Found an ornate altar of the Wu Jian Council.
  4284 | D:5      | Entered Level 5 of the Dungeon
  4337 | D:5      | Found a staircase to the Ecumenical Temple.
  4357 | D:5      | Reached skill level 4 in Spellcasting
  4503 | Temple   | Entered the Ecumenical Temple
  4759 | D:5      | Noticed an ice beast
  5119 | D:5      | Noticed a sky beast
  5137 | D:5      | Killed a sky beast
  5137 | D:5      | Reached XP level 7. HP: 53/60 MP: 1/13
  5143 | D:5      | Learned a level 4 spell: Summon Ice Beast
  5419 | D:5      | Reached skill level 1 in Ice Magic
  5514 | D:5      | Reached skill level 5 in Spellcasting
  6389 | D:5      | Found a shimmering altar of Xom.
  6389 | D:5      | Found a burning altar of Makhleb.
  6398 | D:5      | Reached XP level 8. HP: 67/67 MP: 7/15
  6699 | D:6      | Noticed a troll
  6757 | D:6      | Found a snail-covered altar of Cheibriados.
  7057 | D:5      | Slain by a troll

Skill      XL: |  1  2  3  4  5  6  7 |
---------------+----------------------+-----
Fighting       | 1 2 |  2.0
Poison Magic   | 2 3 |  3.1
Conjurations   | 2 3 |  3.2
Air Magic      | 1 |  1.1
Dodging        | 2 |  2.1
Fire Magic     | 1 2 |  2.0
Spellcasting   | 4 5 |  5.0
Summonings     | 2 3 |  3.4
Ice Magic      | 3 |  3.6
Stealth        | |  3.0
Translocations | |  1.0

Action                   |  1- 3 |  4- 6 |  7- 9 || total
-------------------------+-------+-------+-------++-------
Melee: Unarmed           |    21 |       |       ||    21
       Short sword       |    82 |    26 |       ||   108
       Club              |       |   174 |    60 ||   234
       Staff             |       |       |    18 ||    18
 Cast: Magic Dart        |    30 |    31 |    46 ||   107
       Call Imp          |    10 |    18 |     6 ||    34
       Mephitic Cloud    |     5 |    11 |     6 ||    22
       Blink             |       |     2 |     7 ||     9
       Conjure Flame     |       |     2 |     4 ||     6
       Summon Ice Beast  |       |       |     6 ||     6
  Use: Scroll            |       |     8 |       ||     8
       Potion            |       |     1 |     1 ||     2
 Stab: Sleeping          |     8 |    11 |     1 ||    20
       Confused          |     3 |     2 |     1 ||     6
       Distracted        |       |       |     1 ||     1
  Eat: Chunk             |     1 |    12 |     2 ||    15
       Ration            |       |       |     2 ||     2
Armor: Robe              |    18 |    54 |    31 ||   103
Dodge: Dodged            |    66 |   141 |    41 ||   248
